 Dungeon Crawl Stone Soup version 0.21.1-1-g345015fe64 (webtiles) character file.

397 Nattfarinn the Sneak (level 6, -3/44 HPs)
             Began as a Gnoll Enchanter on May 8, 2018.
             Slain by Menkaure (11 damage)
             ... on level 4 of the Dungeon.
             The game lasted 00:07:37 (3142 turns).

Nattfarinn the Sneak (Gnoll Enchanter)              Turns: 3142, Time: 00:07:38

Health: -3/44      AC:  6    Str: 10    XL:     6   Next: 83%
Magic:  0/14       EV: 15    Int: 18    God:
Gold:   165        SH:  0    Dex: 17    Spells: 6/15 levels left

rFire    . . .     SeeInvis .   a - +1 dagger
rCold    . . .     Gourm    .   (no shield)
rNeg     + . .     Faith    .   b - +0 robe
rPois    .         Spirit   +   w - +2 helmet
rElec    .         Reflect  .   (no cloak)
rCorr    .         Harm     .   (no gloves)
MR       .....                  n - +0 pair of boots
Stlth    +++.......             s - amulet of guardian spirit
HPRegen  0.14/turn              e - ring of positive energy
MPRegen  0.14/turn              (no ring)

@: no status effects
A: distributed training, fangs 1, strong nose
a: no special abilities


You were on level 4 of the Dungeon.
You were not hungry.

You visited 1 branch of the dungeon, and saw 4 of its levels.

You collected 165 gold pieces.

Inventory:

Hand Weapons
 a - a +1 dagger (weapon)
Armour
 b - a +0 robe (worn)
 j - a +0 shield
 n - a +0 pair of boots (worn)
 w - a +2 helmet (worn)
Jewellery
 e - a ring of positive energy (left hand)
 h - an uncursed ring of teleportation
 s - an amulet of guardian spirit (around neck)
Wands
 v - a wand of digging (2)
Scrolls
 i - a scroll of noise {unknown}
 k - 2 scrolls of immolation {unknown}
 p - a scroll of fog {unknown}
 q - 5 scrolls of identify
 r - a scroll of remove curse
 t - 2 scrolls of blinking {unknown}
 u - 2 scrolls of amnesia {unknown}
 x - a scroll of enchant armour {unknown}
 y - a scroll of fear {unknown}
Potions
 f - a potion of heal wounds {unknown}
 g - a potion of cancellation {unknown}
 l - a potion of lignification {unknown}
 o - 3 potions of magic {unknown}
 z - a potion of agility {unknown}
 A - a potion of curing {unknown}
 B - a potion of mutation {unknown}
 C - a potion of brilliance {unknown}
Books
 c - a book of Maledictions

   Spells                             Type                      Level
   a - Corona                         Hexes                        1
   b - Ensorcelled Hibernation        Hexes/Ice                    2
   c - Confuse                        Hexes                        3
   d - Tukima's Dance                 Hexes                        3
   e - Dazzling Spray                 Conjuration/Hexes            3
Comestibles
 d - 7 rations
 m - 5 chunks of flesh


   Skills:
 + Level 2.1 Fighting
 + Level 3.3 Short Blades
 + Level 2.1 Long Blades
 + Level 2.1 Axes
 + Level 2.1 Maces & Flails
 + Level 2.1 Polearms
 + Level 2.1 Staves
 + Level 2.1 Slings
 + Level 2.1 Bows
 + Level 2.1 Crossbows
 + Level 2.1 Throwing
 + Level 2.1 Armour
 + Level 5.0 Dodging
 + Level 6.3 Stealth
 + Level 2.1 Shields
 + Level 2.1 Unarmed Combat
 + Level 5.4 Spellcasting
 + Level 1.6 Conjurations
 + Level 5.7 Hexes
 + Level 1.6 Charms
 + Level 1.6 Summonings
 + Level 1.6 Necromancy
 + Level 1.6 Translocations
 + Level 1.6 Transmutations
 + Level 1.6 Fire Magic
 + Level 1.6 Ice Magic
 + Level 1.6 Air Magic
 + Level 1.6 Earth Magic
 + Level 1.6 Poison Magic
 + Level 2.3 Invocations
 + Level 2.1 Evocations


You had 6 spell levels left.
You knew the following spells:

 Your Spells              Type           Power        Failure   Level  Hunger
a - Corona                Hex            ####...      1%          1    None
b - Ensorcelled Hibernat  Hex/Ice        ###...       4%          2    #......
c - Confuse               Hex            ####....     3%          3    ##.....
d - Tukima's Dance        Hex            ####....     3%          3    ##.....


Dungeon Overview and Level Annotations

Branches:
Dungeon (4/15)
 Temple: D:4-7

Altars:
Elyvilon
Hepliaklqana
Qazlal

Annotations:
D:4 Menkaure


Innate Abilities, Weirdness & Mutations

Your experience applies equally to all skills.
You have very sharp teeth.
Your uncanny sense of smell can sniff out nearby items.


Message History

Menkaure is moderately damaged.
Menkaure hits you!
* * * LOW HITPOINT WARNING * * *
You hit Menkaure but do no damage.
Menkaure is moderately damaged.
Menkaure seems less confused.
Menkaure calls on the powers of darkness!
Your body is wracked with pain!
* * * LOW HITPOINT WARNING * * *
Casting: Confuse
Confirm with . or Enter, or press ? or * to list all spells.
You don't have enough magic to cast that spell.
Unknown command.
Casting: Confuse
Confirm with . or Enter, or press ? or * to list all spells.
You don't have enough magic to cast that spell.
You hit Menkaure but do no damage. You bite Menkaure, but do no damage.
Menkaure is moderately damaged.
Menkaure hits you!
You die...

#.# .# #.# .#
#.# ## #.## ..#
#..# #.#
#..###..#
##.....####
#.........
#.@.......
.......M.......
.####..........
#.###..(....
#.# #...... #.#
##.... #.# ####
#.


You could see Menkaure.

Vanquished Creatures
  The ghost of Goboxel the Slasher, an amateur DsGl (D:3)
  A howler monkey (D:4)
  A hound (D:4)
  An iguana (D:3)
  3 worker ants
  A hound skeleton (D:4)
  5 adders
  An ooze (D:3)
  An adder skeleton (D:4)
  A worm (D:3)
  2 dart slugs (D:1)
  8 leopard geckos
  2 orcs (D:3)
  A ball python (D:3)
  8 bats
  A giant cockroach (D:1)
  8 goblins
  10 hobgoblins
  2 jackals (D:1)
  8 frilled lizards
  12 kobolds
  10 rats
88 creatures vanquished.

Notes
Turn   | Place    | Note
-------+----------+-------------------------------------------
     0 | D:1      | Nattfarinn the Gnoll Enchanter began the quest for the Orb.
     0 | D:1      | Reached XP level 1. HP: 13/13 MP: 6/6
    36 | D:1      | Reached XP level 2. HP: 19/19 MP: 7/7
   232 | D:1      | Reached XP level 3. HP: 11/25 MP: 9/9
   274 | D:1      | Reached skill level 5 in Spellcasting
   485 | D:1      | Learned a level 2 spell: Ensorcelled Hibernation
   494 | D:1      | Learned a level 3 spell: Confuse
   500 | D:1      | Learned a level 3 spell: Tukima's Dance
   661 | D:1      | Reached skill level 6 in Stealth
  1081 | D:1      | Reached skill level 1 in Invocations
  1169 | D:2      | Reached skill level 1 in Fighting
  1169 | D:2      | Reached skill level 1 in Long Blades
  1169 | D:2      | Reached skill level 1 in Axes
  1169 | D:2      | Reached skill level 1 in Maces & Flails
  1169 | D:2      | Reached skill level 1 in Polearms
  1169 | D:2      | Reached skill level 1 in Staves
  1169 | D:2      | Reached skill level 1 in Slings
  1169 | D:2      | Reached skill level 1 in Bows
  1169 | D:2      | Reached skill level 1 in Crossbows
  1169 | D:2      | Reached skill level 1 in Throwing
  1169 | D:2      | Reached skill level 1 in Armour
  1169 | D:2      | Reached skill level 1 in Shields
  1169 | D:2      | Reached skill level 1 in Unarmed Combat
  1169 | D:2      | Reached skill level 1 in Evocations
  1169 | D:2      | Reached XP level 4. HP: 27/32 MP: 1/11
  1328 | D:2      | Found a stormy altar of Qazlal.
  1610 | D:2      | Reached skill level 1 in Conjurations
  1610 | D:2      | Reached skill level 1 in Charms
  1610 | D:2      | Reached skill level 1 in Summonings
  1610 | D:2      | Reached skill level 1 in Necromancy
  1610 | D:2      | Reached skill level 1 in Translocations
  1610 | D:2      | Reached skill level 1 in Transmutations
  1610 | D:2      | Reached skill level 1 in Fire Magic
  1610 | D:2      | Reached skill level 1 in Ice Magic
  1610 | D:2      | Reached skill level 1 in Air Magic
  1610 | D:2      | Reached skill level 1 in Earth Magic
  1610 | D:2      | Reached skill level 1 in Poison Magic
  1774 | D:2      | Found a white marble altar of Elyvilon.
  1827 | D:3      | Noticed Goboxel's ghost (amateur DsGl)
  1921 | D:3      | Killed Goboxel's ghost
  1921 | D:3      | Reached XP level 5. HP: 31/37 MP: 6/12
  2145 | D:3      | Found a hazy altar of Hepliaklqana.
  2539 | D:3      | Reached XP level 6. HP: 27/44 MP: 5/13
  2889 | D:4      | Reached skill level 5 in Dodging
  3118 | D:4      | Noticed Menkaure
  3142 | D:4      | Slain by Menkaure

Skill      XL: |  1  2  3  4  5  6 |
---------------+-------------------+-----
Spellcasting   | 5 |  5.4
Stealth        | 6 |  6.3
Invocations    | 1 2 |  2.3
Fighting       | 1 2 |  2.1
Long Blades    | 1 2 |  2.1
Axes           | 1 2 |  2.1
Maces & Flails | 1 2 |  2.1
Polearms       | 1 2 |  2.1
Staves         | 1 2 |  2.1
Slings         | 1 2 |  2.1
Bows           | 1 2 |  2.1
Crossbows      | 1 2 |  2.1
Throwing       | 1 2 |  2.1
Armour         | 1 2 |  2.1
Shields        | 1 2 |  2.1
Unarmed Combat | 1 2 |  2.1
Evocations     | 1 2 |  2.1
Conjurations   | 1 |  1.6
Charms         | 1 |  1.6
Summonings     | 1 |  1.6
Necromancy     | 1 |  1.6
Translocations | 1 |  1.6
Transmutations | 1 |  1.6
Fire Magic     | 1 |  1.6
Ice Magic      | 1 |  1.6
Air Magic      | 1 |  1.6
Earth Magic    | 1 |  1.6
Poison Magic   | 1 |  1.6
Short Blades   | 3 |  3.3
Dodging        | 5 |  5.0
Hexes          | |  5.7

Action                   |  1- 3 |  4- 6 || total
-------------------------+-------+-------++-------
Melee: Dagger            |   107 |   158 ||   265
       Bite              |     3 |    13 ||    16
 Cast: Ensorcelled Hiber |     8 |    27 ||    35
       Confuse           |       |    10 ||    10
  Use: Scroll            |     2 |       ||     2
 Stab: Sleeping          |    21 |    29 ||    50
       Confused          |       |     6 ||     6
  Eat: Chunk             |     1 |     7 ||     8
Armor: Robe              |    17 |    31 ||    48
Dodge: Dodged            |    63 |   107 ||   170
Block: Shield            |     7 |       ||     7
